 Dungeon Crawl Stone Soup version 0.21.1-1-g345015fe64 (webtiles) character file.

571 KleinerIrrer the Chopper (level 7, -5/43 HPs)
             Began as a Gargoyle Fighter on Apr 4, 2018.
             Slain by KleinerIrrer's ghost (9 damage)
             ... on level 5 of the Dungeon.
             The game lasted 00:01:02 (4175 turns).

KleinerIrrer the Chopper (Gargoyle Fighter)         Turns: 4175, Time: 00:01:02

Health: -5/43      AC: 15    Str: 22    XL:     7   Next: 34%
Magic:  7/7        EV:  6    Int:  8    God:
Gold:   276        SH:  9    Dex: 11    Spells: 6/6 levels left

rFire    . . .     SeeInvis .   Y - +2 war axe
rCold    + . .     Gourm    .   c - +0 shield
rNeg     + . .     Faith    .   x - +0 chain mail
rPois    ∞         Spirit   .   (no helmet)
rElec    +         Reflect  .   (no cloak)
rCorr    .         Harm     .   (no gloves)
MR       .....                  n - +0 pair of boots
Stlth    ..........             (no amulet)
HPRegen  0.14/turn              t - ring of protection from cold
MPRegen  0.10/turn              w - +2 ring of dexterity

@: no status effects
A: hooves 2, negative energy resistance 1, electricity resistance, unbreathing,
petrification resistance, rot immunity, AC +4
a: no special abilities


You were on level 5 of the Dungeon.
You were hungry.

You visited 1 branch of the dungeon, and saw 5 of its levels.

You collected 276 gold pieces.


Innate Abilities, Weirdness & Mutations

You are resistant to torment.
Your stone body is resilient. (AC +4)
You are immune to poison.
You resist negative energy. (rN+)
You are resistant to electric shocks. (rElec)
You can survive without breathing.
You are immune to petrification.
You are immune to rotting.
You have hoof-like feet.


   Skills:
 - Level 4.1 Fighting
 + Level 6.6 Axes
 - Level 3.2 Armour
 - Level 1.1 Dodging
 - Level 3.2 Shields


You had 6 spell levels left.
You didn't know any spells.

Inventory:

Hand Weapons
 u - a +0 flail
 Y - a +2 war axe (weapon)
Armour
 c - a +0 shield (worn)
 n - a +0 pair of boots (worn)
 x - a +0 chain mail (worn)
Jewellery
 t - a ring of protection from cold (left hand)
 w - a +2 ring of dexterity (right hand)
Wands
 q - a wand of acid (9)
Scrolls
 j - a scroll of identify
 m - 2 scrolls of remove curse
Potions
 a - a potion of agility {unknown}
 d - a potion of might
 e - a potion of berserk rage {unknown}
 i - a potion of curing
 l - 2 potions of mutation
 o - a potion of cancellation {unknown}
 r - a potion of ambrosia {unknown}
Comestibles
 f - 17 rations

Dungeon Overview and Level Annotations

Branches:
Dungeon (5/15)
 Temple: D:4-7

Altars:
Elyvilon
Fedhas
Hepliaklqana
Nemelex Xobeh
Qazlal
Vehumet
Wu Jian
Yredelemnul

Annotations:
D:5 KleinerIrrer's ghost, novice TrHu


Message History

You block KleinerIrrer's ghost's attack.
You hit KleinerIrrer's ghost but do no damage.
KleinerIrrer's ghost is moderately damaged.
You block KleinerIrrer's ghost's attack.
KleinerIrrer's ghost hits you.
You barely miss KleinerIrrer's ghost.
KleinerIrrer's ghost is moderately damaged.
You block KleinerIrrer's ghost's attack.
You miss KleinerIrrer's ghost.
KleinerIrrer's ghost is moderately damaged.
KleinerIrrer's ghost hits you.
You hit KleinerIrrer's ghost.
KleinerIrrer's ghost is moderately damaged.
KleinerIrrer's ghost ripples.
You block KleinerIrrer's ghost's attack.
KleinerIrrer's ghost closely misses you.
You hit KleinerIrrer's ghost but do no damage.
KleinerIrrer's ghost is moderately damaged.
KleinerIrrer's ghost hits you!
You die...

...##.#..#...(..#
.............(.##
.........####..#
..........(.)..#
##.!......#####.#
#.........# ##.##
#..#......# #...#
#W........# +....
#@........# #....
##.###....# #...#
........ #...#
#### ##### .....
#####


You could see KleinerIrrer's ghost.

Vanquished Creatures
  An ogre (D:4)
  A centaur (D:5)
  A bullfrog (D:3)
  A water moccasin skeleton (D:4)
  An orc priest (D:4)
  A centaur skeleton (D:5)
  An iguana (D:4)
  An orc wizard (D:4)
  A worker ant (D:4)
  A howler monkey skeleton (D:4)
  5 adders
  An ooze (D:3)
  3 worms
  A dart slug (D:4)
  A leopard gecko (D:2)
  3 orcs (D:4)
  2 ball pythons
  10 bats
  5 giant cockroaches
  10 hobgoblins
  13 jackals
  9 kobolds
  2 quokkas
  3 frilled lizards
  10 goblins
  7 rats
95 creatures vanquished.

Notes
Turn   | Place    | Note
-------+----------+-------------------------------------------
     0 | D:1      | KleinerIrrer the Gargoyle Fighter began the quest for the Orb.
     0 | D:1      | Reached XP level 1. HP: 14/14 MP: 1/1
     0 | D:1      | 0 ||| counter = 66
    14 | D:1      | Reached skill level 2 in Axes
    71 | D:1      | 71 ||| DROPPING club.
   110 | D:1      | Reached XP level 2. HP: 19/19 MP: 2/2
   467 | D:1      | Reached skill level 3 in Axes
   509 | D:1      | Reached XP level 3. HP: 23/23 MP: 3/3
   813 | D:1      | 813 ||| UPGRADING to pair of boots.
   818 | D:1      | 818 ||| READING scroll labeled IMISAO OTZEW.
   821 | D:1      | 821 ||| READING 3 scrolls labeled OBUTZI XESINAT.
   822 | D:1      | 822 ||| READING scroll labeled GEELUF USIRIGH.
   823 | D:1      | 823 ||| READING 2 scrolls labeled UKE IMIURCH.
   824 | D:1      | 824 ||| UPGRADING to whip.
   825 | D:1      | 825 ||| SWAPPING to +0 war axe.
   826 | D:1      | 826 ||| READING 2 scrolls of identify.
   826 | D:1      | 826 ||| IDENTIFYING pink potion
   881 | D:2      | Found a blossoming altar of Fedhas.
  1026 | D:2      | 1026 ||| STAIRDANCE
  1062 | D:1      | 1062 ||| READING scroll labeled NUEROG FIPLE.
  1063 | D:1      | 1063 ||| READING 2 scrolls of identify.
  1063 | D:1      | 1063 ||| IDENTIFYING inky potion
  1068 | D:2      | 1068 ||| STAIRDANCE
  1188 | D:2      | Found an ornate altar of the Wu Jian Council.
  1264 | D:2      | Reached XP level 4. HP: 15/28 MP: 4/4
  1511 | D:2      | Found a white marble altar of Elyvilon.
  1659 | D:2      | Found a sparkling altar of Nemelex Xobeh.
  1718 | D:2      | Reached skill level 4 in Axes
  1789 | D:2      | 1789 ||| READING scroll labeled UVUQYM ZORGHO.
  1790 | D:2      | 1790 ||| READING scroll labeled YVIBOMOMOS.
  2400 | D:3      | 2400 ||| READING scroll of enchant weapon.
  2400 | D:3      | 2400 ||| ENCHANTING +1 war axe.
  2451 | D:3      | Reached XP level 5. HP: 32/32 MP: 5/5
  2483 | D:3      | Reached skill level 5 in Axes
  2832 | D:3      | 2832 ||| UPGRADING to cabochon ring.
  2833 | D:3      | 2833 ||| READING scroll labeled MOTTEI QARGHIN.
  2834 | D:3      | 2834 ||| DRINKING 3 fizzy white potions.
  2834 | D:3      | Gained mutation: You have large cloven feet. [potion of mutation]
  2834 | D:3      | Gained mutation: You have hoof-like feet. [potion of mutation]
  2932 | D:4      | 2932 ||| STAIRDANCE
  2981 | D:4      | Found a radiant altar of Vehumet.
  2981 | D:4      | Noticed a frost-covered statue
  3058 | D:4      | Reached XP level 6. HP: 38/38 MP: 6/6
  3068 | D:4      | Found a basalt altar of Yredelemnul.
  3105 | D:4      | 3105 ||| UPGRADING to runed whip.
  3106 | D:4      | 3106 ||| READING 3 scrolls of remove curse.
  3107 | D:4      | 3107 ||| SWAPPING to +2 war axe.
  3108 | D:4      | 3108 ||| DROPPING -2 whip.
  3127 | D:4      | Reached skill level 1 in Dodging
  3150 | D:4      | 3150 ||| DROPPING +0 whip.
  3151 | D:4      | 3151 ||| UPGRADING to flail.
  3152 | D:4      | 3152 ||| SWAPPING to +2 war axe.
  3184 | D:4      | Found a stormy altar of Qazlal.
  3349 | D:4      | Reached skill level 6 in Axes
  3353 | D:4      | Reached XP level 7. HP: 30/43 MP: 7/7
  3803 | D:4      | 3803 ||| UPGRADING to chain mail.
  3813 | D:4      | 3813 ||| DROPPING +0 scale mail.
  3814 | D:4      | 3814 ||| UPGRADING to bronze ring.
  3815 | D:4      | 3815 ||| READING scroll labeled ZIROOD SIRGH.
  3816 | D:4      | 3816 ||| DRINKING 2 bubbling sapphire potions.
  3861 | D:4      | 3861 ||| DROPPING potion of lignification.
  3883 | D:5      | Entered Level 5 of the Dungeon
  3947 | D:5      | Noticed KleinerIrrer's ghost (novice TrHu)
  3957 | D:5      | HP: 9/43 [KleinerIrrer's ghost (6)]
  3958 | D:5      | 3958 ||| READING 2 scrolls of teleportation.
  3959 | D:5      | 3959 ||| DRINKING potion of heal wounds.
  3961 | D:5      | Found a hazy altar of Hepliaklqana.
  4132 | D:5      | HP: 9/43 [KleinerIrrer's ghost (13)]
  4133 | D:5      | 4133 ||| READING scroll of teleportation.
  4171 | D:5      | HP: 8/43 [KleinerIrrer's ghost (5)]
  4175 | D:5      | Slain by KleinerIrrer's ghost

Vault maps used:
D:1:      minmay_arrival_split_and_join, minmay_hexomino_u4
D:2:      lemuel_doored_altar, fedhas_altar_2, overflow_temple_1_default,
          minmay_gold_behind_fungi, nemelex_diamond_rough_becter
D:4:      vehumet_statue, old_standard_altar, grunt_qazlal_clouds
D:5:      marbit_many_paths, lemuel_coloured_pillars_altar,
          overflow_temple_1_default, first_ration

Skill      XL: |  1  2  3  4  5  6 |
---------------+-------------------+-----
Axes           | 2 3 4 5 6 |  6.6
Fighting       | 4 |  4.1
Dodging        | 1 |  1.1
Armour         | |  3.2
Shields        | |  3.2

Action                   |  1- 3 |  4- 6 |  7- 9 || total
-------------------------+-------+-------+-------++-------
Melee: War axe           |   131 |   158 |    47 ||   336
Throw: Tomahawk          |       |     1 |     4 ||     5
  Use: Scroll            |     7 |     5 |     3 ||    15
       Potion            |       |     1 |     2 ||     3
  Eat: Chunk             |     1 |     7 |     2 ||    10
Armor: Scale mail        |    89 |   100 |     5 ||   194
       Chain mail        |       |       |    14 ||    14
Dodge: Dodged            |    40 |    52 |    15 ||   107
Block: Shield            |    76 |    85 |    21 ||   182

Table legend:
 A = Spawn XP
 B = Non-spawn XP
 C = Spawn XP percentage of total XP
 D = Spawn monster count
 E = Non-spawn monster count
 F = Spawn count percentage of total count
 G = Total turns spent on level
                    A         B        C        D         E        F      G
               +---------+---------+-------+---------+---------+-------+---------
         Total |       0 |     816 |   0.0 |       0 |      95 |   0.0 |  4175
               +---------+---------+-------+---------+---------+-------+---------
           D:1 |       0 |      48 |   0.0 |       0 |      30 |   0.0 |   903
           D:2 |       0 |      58 |   0.0 |       0 |      18 |   0.0 |   925
           D:3 |       0 |     159 |   0.0 |       0 |      29 |   0.0 |  1072
           D:4 |       0 |     400 |   0.0 |       0 |      16 |   0.0 |   983
           D:5 |       0 |     151 |   0.0 |       0 |       2 |   0.0 |   292
               +---------+---------+-------+---------+---------+-------+---------
